 Dungeon Crawl Stone Soup version 0.29.1 (webtiles) character file.

Game seed: 4527900722257088017

88 raincastle the Trooper (level 4, 0/37 HPs)
             Began as a Demonspawn Abyssal Knight on Sept 14, 2022.
             Was a Priest of Lugonu.
             Slain by an orc
             ... wielding a +2 flail of protection
              (7 damage)
             ... on level 3 of the Dungeon.
             The game lasted 00:07:54 (1955 turns).

raincastle the Trooper (Demonspawn Abyssal Knight)  Turns: 1955, Time: 00:07:55

Health: 0/37       AC:  6    Str: 19    XL:     4   Next: 30%
Magic:  6/6        EV: 10    Int: 12    God:    Lugonu [***...]
Gold:   115        SH:  4    Dex: 21    Spells: 3/3 levels left

rFire   . . .      SeeInvis .   b - +7 hand axe "Newtbane" {vorpal, Str-2 Dex+8}
rCold   . . .      Faith    .   d - +0 buckler
rNeg    . . .      Spirit   .   l - +0 ring mail
rPois   .          Reflect  .   (no helmet)
rElec   .          Harm     .   (no cloak)
rCorr   .          Rampage  .   (no gloves)
Will    .....                   h - +0 pair of boots
Stlth   +.........              (no amulet)
HPRegen 0.12/turn               i - +6 ring of strength
MPRegen 0.10/turn               (no ring)

@: mighty
A: powered by pain 2
a: Renounce Religion, Depart the Abyss, Bend Space, Banish


You were on level 3 of the Dungeon.
You worshipped Lugonu.
Lugonu was most pleased with you.
You visited 1 branch of the dungeon, and saw 3 of its levels.
You visited the Abyss 1 time.

You collected 115 gold pieces.

Inventory:

Hand Weapons
 a - a +1 hand axe
 b - the +7 hand axe "Newtbane" (weapon) {vorpal, Str-2 Dex+8}
   (You found it on level 2 of the Dungeon)

   It inflicts extra damage upon your enemies.
   Str:       It affects your strength (-2).
   Dex:       It affects your dexterity (+8).
Armour
 d - a +0 buckler (worn)
 h - a +0 pair of boots (worn)
 l - a +0 ring mail (worn)
 n - a scarf of harm
Jewellery
 i - a +6 ring of strength (left hand)
Scrolls
 f - 2 scrolls of noise {unknown}
 g - 2 scrolls of silence {unknown}
 j - a scroll of teleportation {unknown}
 k - a scroll of brand weapon {unknown}
 m - a scroll of fear {unknown}
 p - a scroll of magic mapping {unknown}
Potions
 c - 2 potions of heal wounds {unknown}
 e - 2 potions of attraction {unknown}
 o - a potion of might {unknown}


   Skills:
 + Level 3.9 Fighting
 + Level 2.7 Axes
 + Level 2.2 Armour
 + Level 1.1 Dodging
 + Level 0.2 Stealth
 + Level 2.7 Invocations


You had 3 spell levels left.
You didn't know any spells.
Your spell library contained the following spells:

 Spells                   Type           Power      Damage    Failure   Level
 Ignite Poison            Fire/Tmut/Pois 0%         N/A       93%         3
 Inner Flame              Hex/Fire       0%         N/A       93%         3
 Mephitic Cloud           Conj/Pois/Air  0%         N/A       93%         3
 Cause Fear               Hex            0%         N/A       100%        4
 Freezing Cloud           Conj/Ice/Air   0%         6-21      100%        5
 Discord                  Hex            0%         N/A       100%        8


Dungeon Overview and Level Annotations

Branches:
Dungeon (3/15)

Altars:


Innate Abilities, Weirdness & Mutations

You sometimes gain power by taking damage.


Message History

You hit the gnoll.
The gnoll is heavily wounded.
The orc hits you but does no damage. The gnoll hits you but does no damage.
You hit the gnoll.
You kill the gnoll!
Lugonu accepts your kill.
An orc comes into view. It is wielding a +0 dagger.
A gnoll opens the door.
The orc hits you from afar with a +0 trident.
You block the orc's attack.
The gnoll hits you from afar with a +0 spear.
Things that are here:
a +0 whip; a gnoll corpse The orc shouts!
You slash the orc!
You kill the orc!
Lugonu accepts your kill. The gnoll closely misses you.
Found a short sword and a chain mail.
You block the gnoll's attack.
Things that are here:
a +0 trident; an orc corpse The gnoll hits you with a +0 halberd!
The gnoll hits you but does no damage.
You slash the gnoll!
The gnoll is severely wounded.
You slash the gnoll! The gnoll barely misses you. You block the gnoll's attack.
The gnoll hits you with a +0 halberd!
* * * LOW HITPOINT WARNING * * *
You focus on the pain.
You feel very mighty all of a sudden. The gnoll hits you with a +0 spear.
* * * LOW HITPOINT WARNING * * *
Space bends violently around you!
You blink.
Found a leather armour.
The orc blinks!
Space bends violently around you!
You blink.
Found a scroll labelled ZURHAPTANY.
You see here a scroll labelled ZURHAPTANY.
The orc attacks as you move away! The orc hits you but does no damage.
The orc attacks as you move away!
The orc hits you with a +2 flail of protection!
You die...

#..# # #..# #
#..+ #.g#
#.g# #..#
#..#
#.?#####+####
#..oo@.......
#...#########
#####


You could see 2 orcs.

Vanquished Creatures
  A hound (D:2)
  A gnoll (D:3)
  A worm (D:2)
  A dart slug (D:1)
  An orc (D:3)
  2 bats (D:2)
  6 endoplasms
  5 giant cockroaches
  3 goblins
  A hobgoblin (D:2)
  3 jackals (D:2)
  A quokka (D:1)
  5 ball pythons
  A frilled lizard (D:2)
  6 kobolds
  3 rats
41 creatures vanquished.

Vanquished Creatures (others)
  3 plants (D:2)
3 creatures vanquished.

Grand Total: 44 creatures vanquished

Notes
Turn   | Place    | Note
-------+----------+-------------------------------------------
     0 | Abyss:1  | raincastle the Demonspawn Abyssal Knight began the quest
                  | for the Orb.
     0 | Abyss:1  | Reached XP level 1. HP: 18/18 MP: 2/2
     1 | D:1      | Escaped the Abyss
   403 | D:1      | Gained mutation: You sometimes gain a little power by
                  | taking damage. [demonic ancestry]
   403 | D:1      | Reached XP level 2. HP: 20/24 MP: 3/3
  1132 | D:2      | Reached XP level 3. HP: 27/30 MP: 4/4
  1264 | D:2      | Reached *** piety under Lugonu
  1265 | D:2      | Reached skill level 1 in Dodging
  1502 | D:2      | Identified the +7 hand axe "Newtbane" {vorpal, Str-2 Dex+8}
  1715 | D:2      | Gained mutation: You sometimes gain power by taking damage.
                  | [demonic ancestry]
  1715 | D:2      | Reached XP level 4. HP: 37/37 MP: 6/6
  1796 | D:2      | Found a faded altar of an unknown god.
  1955 | D:3      | Slain by an orc

Illustrated notes

Levels and vault maps discovered:
D:1:      minmay_arrival_pointy, layout_rooms, chequers_serial_rivers_room_a
D:2:      layout_rooms, shapermc_ecumenical_altar_hornbeckon, basic_altar
D:3:      layout_loops_ring, mainiacjoe_overflow_alcove_1,
          gammafunk_temple_overflow_statue, minmay_quadrilaterals

Skill      XL: |  1  2  3 |
---------------+----------+-----
Axes           | 2 |  2.7
Armour         | 2 |  2.2
Dodging        | 1 |  1.1
Fighting       | |  3.9
Stealth        | |  0.2
Invocations    | |  2.7

Action                   |  1- 3 |  4- 6 || total
-------------------------+-------+-------++-------
Melee: Hand axe          |    90 |    17 ||   107
Invok: Bend Space        |     6 |     2 ||     8
Armor: Leather armour    |    34 |       ||    34
       Ring mail         |       |     9 ||     9
Dodge: Dodged            |    57 |     7 ||    64
Block: Buckler           |    11 |     3 ||    14
